 Dungeon Crawl Stone Soup version 0.31-a0-152-g6aa68a64a1 (webtiles) character file.

Game seed: 13488933805933633316

28 qw the Shooter (level 3, -6/31 HPs)
             Began as a Minotaur Hunter on June 9, 2023.
             Killed from afar by an orc wizard (9 damage)
             ... with a puff of flame
             ... on level 2 of the Dungeon.
             The game lasted 00:00:13 (301 turns).

qw the Shooter (Minotaur Hunter)                     Turns: 301, Time: 00:00:14

Health: -6/31      AC:  3    Str: 15    XL:     3   Next: 0%
Magic:  2/2        EV: 12    Int:  6    God:
Gold:   43         SH:  0    Dex: 15    Spells: 2/2 levels left

rFire   . . .        a - +0 shortbow
rCold   . . .        (shield currently unavailable)
rNeg    . . .        c - +0 leather armour
rPois   .            (helmet restricted)
rElec   .            (no cloak)
rCorr   .            (no gloves)
SInv    .            (no boots)
Will    .....        (no amulet)
Stlth   +            (no ring)
HPRegen 0.25/turn    (no ring)
MPRegen 0.08/turn

%: no passive effects
@: no status effects
A: horns 2, retaliatory headbutt
a: no special abilities


You were on level 2 of the Dungeon.
You visited 1 branch of the dungeon, and saw 2 of its levels.

You collected 43 gold pieces.


Innate Abilities, Weirdness & Mutations

You have a pair of horns on your head.
You reflexively headbutt those who attack you in melee.


   Skills:
 - Level 3.0 Fighting
 + Level 5.2 Ranged Weapons
 - Level 2.1 Dodging
 - Level 0.7 Stealth


You had 2 spell levels left.
You didn't know any spells.
Your spell library was empty.

Inventory:

Hand Weapons
 a - a +0 shortbow (weapon)
Armour
 c - a +0 leather armour (worn)
Scrolls
 b - a scroll of butterflies
 e - a scroll of enchant armour {unknown}
 g - a scroll of magic mapping {unknown}
Potions
 d - a potion of heal wounds {unknown}
 f - a potion of ambrosia {unknown}

Dungeon Overview and Level Annotations

Branches:
Dungeon (1/15)

Altars:

Shops:
D:1 =


Message History

Found a dagger.
A sourceless malevolence fills the Dungeon... and a teleportation trap spontaneously manifests!
You are yanked towards some nearby monsters!
Your surroundings suddenly seem different. 2 orcs, an orc wizard and an endoplasm come into view.
Found a fuming white potion.
You shoot an arrow. The arrow hits the orc wizard.
The orc wizard shouts!
The orc wizard is moderately wounded.
The orc shouts! x2
The orc wizard points at you and mumbles some strange words.
The puff of flame hits you!
You shoot an arrow. The arrow misses the orc wizard.
The orc wizard casts a spell at you.
You are confused.
The endoplasm jiggles.
The orc wizard mumbles some strange words.
The orc wizard flickers and vanishes!
Deactivating autopickup; reactivate with Ctrl-A.
The orc misses you. Something hits you. The orc hits you with a +0 whip.
Something hits you. The endoplasm freezes you.
You are frozen.
The orc misses you. Something hits you but does no damage.
The endoplasm barely misses you. The orc hits you but does no damage.
You feel less confused. Something hits you. The endoplasm freezes you.
You are frozen.
The orc closely misses you.
You shoot an arrow. The arrow barely misses the orc.
Something hits you. The orc barely misses you.
The endoplasm hits you but does no damage.
The endoplasm barely misses you. Something hits you. The orc misses you.
You furiously retaliate!
You headbutt the orc. You shoot an arrow. The arrow closely misses the orc.
You hear some strange, mumbled words.
A puff of flame appears from out of thin air!
The puff of flame hits you!
You die...

#########
#.......#
........#
.......o#
......o{#
#@#
#.J......
#........
.........
.....!.#.
..........
......###.
.......#


You could see 2 orcs and an endoplasm.

Vanquished Creatures
  2 dart slugs (D:1)
  A ball python (D:1)
  An endoplasm (D:2)
  3 giant cockroaches (D:1)
  A goblin (D:1)
  2 hobgoblins (D:1)
  4 jackals (D:1)
  2 kobolds
  A quokka (D:2)
  2 bats (D:1)
  A frilled lizard (D:1)
  A rat (D:1)
21 creatures vanquished.

Notes
Turn   | Place    | Note
-------+----------+-------------------------------------------
     0 | D:1      | qw the Minotaur Hunter began the quest for the Orb.
     0 | D:1      | Reached XP level 1. HP: 18/18 MP: 0/0
     0 | D:1      | 0 ||| qw: Version: 0.2-a-122-gbc61b45
     0 | D:1      | 0 ||| qw: Game counter: 3283
     0 | D:1      | 0 ||| qw: Always use a shield: true
     0 | D:1      | 0 ||| qw: God list: Okawaru
     0 | D:1      | 0 ||| qw: Allow faded altars: false
     0 | D:1      | 0 ||| qw: Do Orc after D:15 true
     0 | D:1      | 0 ||| qw: Do second Lair branch before Depths: true
     0 | D:1      | 0 ||| qw: Lair rune preference: random
     0 | D:1      | 0 ||| qw: Plans: Normal
     0 | D:1      | 0 ||| PLANNING D:1-11
   102 | D:1      | Reached XP level 2. HP: 25/25 MP: 1/1
   132 | D:1      | Reached skill level 5 in Ranged Weapons
   170 | D:1      | Reached skill level 3 in Fighting
   190 | D:1      | 190 ||| FLEEEEING.
   221 | D:1      | Found Quonton's Jewellery Emporium.
   230 | D:1      | 230 ||| SHOPLISTING +4 ring of protection (468 gold, have
                  | 39).
   230 | D:1      | 230 ||| SHOPLISTING +6 ring of strength (468 gold, have
                  | 39).
   230 | D:1      | 230 ||| SHOPLISTING ring of poison resistance (260 gold,
                  | have 39).
   230 | D:1      | 230 ||| SHOPLISTING ring of positive energy (260 gold, have
                  | 39).
   230 | D:1      | 230 ||| SHOPLISTING ring of protection from cold (325 gold,
                  | have 39).
   230 | D:1      | 230 ||| SHOPLISTING ring of see invisible (195 gold, have
                  | 39).
   230 | D:1      | 230 ||| SHOPLISTING ring of willpower (325 gold, have 39).
   246 | D:1      | You fall into a shaft and drop 1 floor!
   276 | D:2      | Reached XP level 3. HP: 31/31 MP: 2/2
   300 | D:2      | HP: 5/31 [something (4)]
   301 | D:2      | Killed from afar by an orc wizard

Levels and vault maps discovered:
D:1:      lightli_iron_boxes, layout_basic, serial_shops, shop_fountains,
          palyth_stone_intersect
D:2:      layout_basic, serial_shops, nicolae_shop_just_a_little_nook

Skill      XL: |  1  2 |
---------------+-------+-----
Ranged Weapons | 5 |  5.2
Fighting       | 3 |  3.0
Dodging        | |  2.1
Stealth        | |  0.7

Action                     || total
---------------------------++-------
   Fire: Shortbow          ||    59
 Armour: Leather armour    ||     4
  Dodge: Dodged            ||    14

Table legend:
 A = Non-vault XP
 B = Vault XP
 C = Vault XP percentage of total XP
 D = Non-vault monster count
 E = Vault monster count
 F = Vault count percentage of total count
                 A         B        C        D         E       F
            +---------+---------+-------+---------+---------+-------
      Total |      41 |       0 |   0.0 |      21 |       0 |   0.0
            +---------+---------+-------+---------+---------+-------
        D:1 |      36 |       0 |   0.0 |      18 |       0 |   0.0
        D:2 |       5 |       0 |   0.0 |       3 |       0 |   0.0
            +---------+---------+-------+---------+---------+-------
